 Dungeon Crawl Stone Soup version 0.23.2-33-g5129a83 (webtiles) character file.

Game seed: 9444927200132744212

441 technought the Shield-Bearer (level 7, 0/43 HPs)
             Began as a Gargoyle Fighter on Aug 6, 2019.
             Was a Believer of Zin.
             Slain by Pikel
             ... wielding a +1 whip of flaming
              (2 damage)
             ... on level 4 of the Dungeon.
             The game lasted 00:09:43 (2134 turns).

technought the Shield-Bearer (Gargoyle Fighter)     Turns: 2134, Time: 00:09:44

Health: 0/43       AC: 16    Str: 22    XL:     7   Next: 2%
Magic:  7/7        EV:  5    Int:  8    God:    Zin [**....]
Gold:   118        SH: 10    Dex:  9    Spells: 6/6 levels left

rFire    . . .     SeeInvis .   a - +0 long sword
rCold    . . .     Gourm    .   c - +0 shield
rNeg     + . .     Faith    .   n - +0 plate armour
rPois    ∞         Spirit   .   (no helmet)
rElec    +         Reflect  .   (no cloak)
rCorr    .         Harm     .   (no gloves)
MR       .....     Rnd*Tele +   (no boots)
Stlth    ..........             (no amulet)
HPRegen  0.14/turn              k - ring of flight
MPRegen  0.10/turn              l - ring of teleportation

@: no status effects
A: negative energy resistance 1, electricity resistance, unbreathing,
petrification resistance, rot immunity, AC +4
a: Recite, Vitalisation, Donate Gold, Renounce Religion, Evoke Flight


You were on level 4 of the Dungeon.
You worshipped Zin.
Zin was pleased with you.
You were completely stuffed.

You visited 1 branch of the dungeon, and saw 4 of its levels.

You collected 186 gold pieces.
You donated 68 gold pieces to Zin.

Inventory:

Hand Weapons
 a - a +0 long sword (weapon)
Armour
 b - a +2 cloak
 c - a +0 shield (worn)
 n - a +0 plate armour (worn)
Jewellery
 k - a ring of flight (left hand)
 l - a ring of teleportation (right hand)
 m - an uncursed ring of wizardry
Scrolls
 g - a scroll of fog
 h - 3 scrolls of teleportation
Potions
 d - 2 potions of brilliance {unknown}
 e - 3 potions of curing
Comestibles
 f - 4 rations


   Skills:
 + Level 4.2 Fighting
 + Level 4.1 Long Blades
 + Level 4.5 Armour
 + Level 1.1 Dodging
 + Level 0.7 Stealth
 + Level 5.2 Shields


You had 6 spell levels left.
You didn't know any spells.
Your spell library was empty.

Dungeon Overview and Level Annotations

Branches:
Dungeon (4/15)
 Temple: D:4-7

Altars:
Zin

Annotations:
D:4 Pikel


Innate Abilities, Weirdness & Mutations

You are resistant to torment.
Your stone body is resilient. (AC +4)
You are immune to poison.
You resist negative energy. (rN+)
You are resistant to electric shocks. (rElec)
You can survive without breathing.
You are immune to petrification.
You are immune to rotting.


Message History

You block the orc's attack. You block the slave's attack.
The slave hits you but does no damage. The orc hits you but does no damage.
You closely miss the slave.
The slave is severely wounded.
The slave hits you but does no damage. You block the slave's attack.
The orc hits you but does no damage. The slave hits you but does no damage.
Your plate armour prevents you from hitting the slave.
The slave is severely wounded.
The slave hits you but does no damage. The orc hits you but does no damage.
The slave hits you.
* * * LOW HITPOINT WARNING * * *
You closely miss Pikel. The orc hits you but does no damage.
The slave hits you.
* * * LOW HITPOINT WARNING * * *
You eat one of the 5 rations.
That ration really hit the spot!
The orc hits you but does no damage. The slave hits you but does no damage.
Pikel hits you with a +1 whip of flaming.
* * * LOW HITPOINT WARNING * * *
Pikel burns you.
You die...

####### #S##..# ##Z.ZSp##
#o####h.# ######@##....#
#..#.pK#.p.Z.#
......op..####
...#.......# .. ##......#
. ##..##..#
..######..#.#....# ....
...#.....##........
..(..#.......p............


You could see Pikel, 2 slaves, an orc priest, an adder, an orc and a bullfrog
skeleton.

Vanquished Creatures
  Grinder (D:3)
  An ogre (D:4)
  A hound (D:4)
  Terence (D:3)
  5 adders
  An ooze (D:3)
  A worm (D:2)
  A dart slug (D:1)
  6 giant cockroaches
  9 goblins
  3 hobgoblins (D:1)
  6 jackals (D:1)
  A quokka (D:2)
  5 bats
  2 frilled lizards
  6 kobolds
  8 rats
58 creatures vanquished.

Notes
Turn   | Place    | Note
-------+----------+-------------------------------------------
     0 | D:1      | technought the Gargoyle Fighter began the quest for the
                  | Orb.
     0 | D:1      | Reached XP level 1. HP: 14/14 MP: 1/1
    63 | D:1      | Reached XP level 2. HP: 17/19 MP: 2/2
   289 | D:1      | Reached XP level 3. HP: 23/23 MP: 3/3
   869 | D:2      | Found a glowing silver altar of Zin.
   951 | D:2      | Became a worshipper of Zin the Law-Giver
  1003 | D:2      | Reached skill level 4 in Shields
  1059 | D:2      | Reached XP level 4. HP: 28/28 MP: 4/4
  1126 | D:2      | Reached * piety under Zin
  1448 | D:2      | Donated 50 gold pieces to Zin
  1600 | D:3      | Noticed Grinder
  1640 | D:3      | Killed Grinder
  1640 | D:3      | Reached skill level 1 in Dodging
  1640 | D:3      | Reached XP level 5. HP: 33/33 MP: 5/5
  1640 | D:3      | Reached XP level 6. HP: 38/38 MP: 6/6
  1745 | D:3      | Noticed Terence
  1795 | D:3      | Killed Terence
  1795 | D:3      | Reached skill level 5 in Shields
  1873 | D:3      | Reached ** piety under Zin
  2030 | D:4      | Noticed Pikel
  2030 | D:4      | Noticed a slave
  2030 | D:4      | Noticed a slave
  2079 | D:4      | Reached XP level 7. HP: 26/43 MP: 7/7
  2134 | D:4      | HP: 2/43 [Pikel/+1 whip of flaming (4)]
  2134 | D:4      | Slain by Pikel

Skill      XL: |  1  2  3  4  5  6 |
---------------+-------------------+-----
Long Blades    | 2 3 4 |  4.1
Shields        | 4 5 |  5.2
Armour         | 4 |  4.5
Dodging        | 1 |  1.1
Fighting       | 4 |  4.2
Stealth        | |  0.7

Action                   |  1- 3 |  4- 6 |  7- 9 || total
-------------------------+-------+-------+-------++-------
Melee: Long sword        |   136 |   103 |    10 ||   249
Invok: Donate Gold       |       |     1 |       ||     1
  Use: Scroll            |     3 |     2 |       ||     5
       Potion            |     5 |     2 |       ||     7
  Eat: Ration            |     1 |       |     3 ||     4
Armor: Scale mail        |    84 |    18 |       ||   102
       Plate armour      |       |    57 |    33 ||    90
       Skin              |       |     1 |       ||     1
Dodge: Dodged            |    69 |    25 |     9 ||   103
Block: Shield            |    73 |    76 |    21 ||   170
       Rpst.: Long sword |    20 |     6 |     3 ||    29
